Map: 2000 Atmospheres LE

Players

ByuN

  • Race: Terran Terran

MaxPax - Winner!

  • Race: Protoss Protoss

Event: DreamHack SC2 Masters Last Chance 2022

VOD

Have the link to the VOD?

Description

Time

  • Played on: Dec. 19, 2021, 7:10 p.m.
  • Length: 10:30

All games in this series

Show
View Real Time Build Order
Export as new Build Order

ByuN Terran 

Build Orders: 1/1/1 

Get SALT Encoding   

  12  0:00  SCV  
  13  0:12  SCV  
  14  0:17  Supply Depot  
  14  0:24  SCV  
  14  0:28  Refinery  
  15  0:38  SCV  
  16  0:45  Barracks  
  16  0:51  SCV  
  17  1:03  SCV  
  18  1:05  Engineering Bay  
  18  1:15  SCV  
  19  1:32  Marine, Orbital Command  
  19  1:38  Factory  
  20  1:50  Supply Depot  
  20  1:52  Barracks Reactor  
  20  1:59  SCV  
  21  2:11  SCV  
  22  2:23  SCV  
  22  2:25  Starport  
  22  2:27  Supply Depot  
  23  2:32  Hellion x2  
  23  2:35  SCV  
  28  2:47  SCV, Command Center  
  29  2:53  Hellion  
  29  2:56  Hellion  
  31  3:06  Starport  
  31  3:07  SCV  
  32  3:13  Refinery  
  32  3:16  Widow Mine  
  32  3:19  Widow Mine  
  36  3:25  Supply Depot  
  36  3:26  SCV  
  37  3:38  Widow Mine  
  39  3:45  SCV  
  39  3:46  Widow Mine  
  40  3:52  Medivac  
  42  3:57  SCV  
  42  4:00  Orbital Command  
  42  4:02  Bunker  
  43  4:09  SCV  
  44  4:12  Barracks  
  44  4:15  Marine  
  44  4:16  Marine  
  44  4:17  Factory Tech Lab  
  46  4:22  SCV  
  46  4:23  Starport Tech Lab  
  47  4:27  SCV  
  48  4:33  Marine x2  
  48  4:34  SCV  
  51  4:40  SCV  
  51  4:43  Siege Tank  
  53  4:46  SCV  
  53  4:50  Supply Depot  
  53  4:51  Marine x2  
  57  4:52  SCV  
  57  4:54  Raven  
  57  4:58  SCV  
  56  5:03  Marine  
  56  5:05  SCV  
  58  5:09  Marine  
  58  5:11  SCV  
  58  5:13  Refinery  
  56  5:15  Supply Depot  
  56  5:17  SCV  
  56  5:18  Siege Tank  
  58  5:23  SCV  
  58  5:25  Supply Depot  
  58  5:26  Marine  
  58  5:27  Engineering Bay, Marine  
  61  5:29  SCV  
  61  5:35  SCV  
  63  5:41  SCV  
  63  5:42  Marine  
  56  5:44  Marine  
  56  5:47  SCV  
  55  5:53  SCV  
  52  5:59  Marauder, SCV  
  52  6:01  Siege Tank  
  58  6:04  Barracks  
  58  6:05  SCV  
  59  6:11  SCV  
  59  6:14  Terran Infantry Weapons Level 1  
  59  6:16  Supply Depot  
  59  6:17  SCV, Marine  
  62  6:19  Marine  
  62  6:24  Marauder  
  62  6:32  SCV  
  63  6:33  SCV  
  63  6:36  Siege Tank  
  63  6:39  Marine x2  
  69  6:41  Starport Reactor  
  69  6:45  SCV x2  
  69  6:46  Marauder  
  73  6:49  Stimpack  
  73  6:50  Refinery  
  73  6:57  SCV x2  
  73  7:01  Marine x2  
  75  7:03  Barracks Tech Lab  
  75  7:07  Marauder  
  77  7:09  SCV x2  
  78  7:18  Medivac  
  78  7:19  Supply Depot  
  78  7:20  Medivac  
  78  7:21  SCV x2  
  84  7:26  Marauder, Marine  
  84  7:27  Marine  
  88  7:32  Supply Depot  
  88  7:39  Command Center  
  88  7:43  Siege Tank  
  91  7:49  Marine x2  
  93  7:53  Marauder x2  
  97  8:01  Supply Depot  
  97  8:03  SCV x2  
  97  8:04  Barracks x2  
  97  8:14  Marine x2  
  97  8:15  Marauder x2, SCV x2  
  97  8:16  Terran Infantry Armor Level 1  
  105  8:21  Viking  
  105  8:24  Viking  
  109  8:27  Combat Shield  
  109  8:29  Concussive Shells  
  109  8:33  Supply Depot  
  109  8:38  Missile Turret  
  108  8:42  Marauder x2, Marine x2  
  111  8:51  Siege Tank  
  114  8:59  Medivac  
  114  9:00  Marine x2  
  118  9:02  Barracks Reactor  
  118  9:03  Marauder x2  
  118  9:04  SCV x2  
  118  9:08  Orbital Command  
  124  9:19  Barracks Tech Lab, Marine  
  124  9:23  Ghost Academy  
  125  9:29  Missile Turret  
  124  9:34  Marauder x2  
  115  9:39  Marauder, Marine  
  115  9:40  Marine x2  
  113  9:46  Marine  
  114  9:54  SCV x2  
  114  9:55  Marauder x2  
  114  9:57  Marine  
  121  10:00  Marauder  
  121  10:03  Marine  
  121  10:04  Marine  
Show
View Real Time Build Order
Export as new Build Order

MaxPax Protoss - Winner!

Build Orders: Blink Stalkers 

Get SALT Encoding   

  12  0:00  Probe  
  13  0:12  Probe  
  14  0:17  Pylon  
  14  0:24  Probe (Chrono Boost)  
  16  0:36  Gateway, Probe (Chrono Boost)  
  16  0:43  Probe (Chrono Boost)  
  16  0:45  Assimilator  
  17  0:51  Probe  
  18  1:03  Probe  
  19  1:15  Probe  
  20  1:23  Cybernetics Core  
  20  1:27  Probe  
  21  1:36  Pylon  
  21  1:39  Probe  
  22  1:51  Nexus  
  22  1:55  Probe  
  22  1:59  Assimilator  
  23  2:03  Adept (Chrono Boost)  
  25  2:09  Probe  
  25  2:12  Warp Gate (Chrono Boost)  
  26  2:21  Probe  
  27  2:32  Twilight Council  
  27  2:33  Probe  
  28  2:40  Stalker  
  30  2:45  Probe  
  30  2:51  Gateway  
  31  3:01  Blink (Chrono Boost), Probe  
  31  3:03  Probe  
  30  3:13  Probe  
  30  3:15  Probe  
  30  3:19  Gateway  
  32  3:25  Probe  
  33  3:28  Probe  
  33  3:31  Robotics Facility  
  34  3:37  Probe  
  34  3:40  Probe  
  36  3:43  Pylon  
  35  3:48  Pylon  
  35  3:49  Probe  
  35  3:52  Stalker  
  35  3:54  Stalker  
  39  3:55  Probe  
  39  4:01  Probe  
  40  4:03  Pylon  
  40  4:07  Probe  
  41  4:13  Probe  
  41  4:14  Stalker  
  41  4:16  Stalker  
  46  4:17  Assimilator  
  46  4:21  Probe  
  46  4:22  Warp Prism (Chrono Boost)  
  47  4:29  Probe  
  50  4:32  Stalker  
  50  4:34  Probe  
  50  4:36  Pylon  
  53  4:41  Probe  
  54  4:46  Pylon  
  54  4:56  Probe  
  55  5:00  Probe  
  55  5:04  Pylon  
  53  5:08  Probe  
  53  5:13  Stalker x3  
  59  5:14  Observer  
  59  5:15  Probe  
  59  5:17  Assimilator  
  61  5:24  Probe  
  62  5:31  Probe  
  62  5:32  Pylon  
  63  5:39  Stalker x3  
  65  5:45  Probe  
  62  5:58  Probe  
  62  6:02  Nexus  
  63  6:08  Probe  
  63  6:10  Probe  
  65  6:12  Stalker x3  
  65  6:17  Templar Archives  
  71  6:20  Probe  
  71  6:23  Probe  
  69  6:32  Probe  
  68  6:33  Charge  
  68  6:35  Probe  
  68  6:36  Observer  
  68  6:37  Stalker  
  68  6:38  Stalker  
  68  6:39  Stalker  
  75  6:44  Probe  
  76  6:47  Probe  
  76  6:48  Gateway x2  
  76  6:52  Gateway  
  77  6:56  Probe  
  77  6:57  Psionic Storm  
  77  6:59  Probe  
  77  7:08  Probe  
  77  7:11  Probe  
  77  7:14  Probe  
  80  7:19  Gateway x2  
  80  7:21  Probe  
  81  7:23  Probe, High Templar  
  81  7:26  High Templar  
  81  7:27  Zealot  
  88  7:30  Pylon  
  88  7:35  Probe  
  89  7:38  Forge  
  89  7:41  Probe  
  90  7:44  High Templar  
  90  7:45  Zealot  
  90  7:47  Shield Battery  
  90  7:48  Probe  
  95  7:56  Assimilator  
  95  7:57  Zealot x2, Assimilator  
  95  7:58  Zealot  
  101  8:04  Probe  
  101  8:05  Forge, Pylon  
  102  8:07  Observer  
  102  8:09  Probe  
  102  8:11  Pylon  
  102  8:12  Probe  
  104  8:14  High Templar x2  
  104  8:17  Pylon  
  108  8:21  Pylon x2  
  108  8:29  Archon, Protoss Ground Weapons Level 1 (Chrono Boost)  
  108  8:32  Stalker x2  
  108  8:33  Stalker  
  108  8:34  Zealot x3, Probe x3  
  121  8:46  Probe x2  
  121  8:48  Pylon  
  121  8:52  Zealot x2, Probe  
  124  8:58  Photon Cannon  
  121  9:07  Nexus  
  121  9:14  Stalker x3  
  121  9:16  Probe  
  128  9:19  Probe  
  129  9:26  High Templar  
  131  9:32  Observer  
  115  9:42  Zealot x4  
  115  9:43  Zealot x3  
  115  9:44  Probe  
  122  9:46  Probe  
  122  9:49  Probe  
  122  9:52  Robotics Bay  
  124  10:06  Zealot x6  
  135  10:07  Zealot  
  135  10:08  Observer  
  135  10:09  Zealot  
  135  10:12  Probe  
  118  10:28  Zealot x6  

Tags
 
Add a new tag
Caveats
  • Supply blocks, unpowered buildings, or Contaminate may cause inaccurate times.
  • Supply counts are checked every 10 seconds.